 Dungeon Crawl Stone Soup version 0.27.1-1-g398f81649c (webtiles) character file.

Game seed: 17290105231926557677

56968 terrence the Bludgeoner (level 14, -2/94 HPs)
             Began as a Gargoyle Fighter on Sept 19, 2021.
             Was the Champion of Makhleb.
             Splashed by an acid blob's acid (7 damage)
             ... on level 6 of the Lair of Beasts.
             The game lasted 00:54:40 (16094 turns).

terrence the Bludgeoner (Gargoyle Fighter)         Turns: 16094, Time: 00:54:41

Health: -2/94      AC: 12    Str: 29    XL:     14   Next: 84%
Magic:  19/19      EV: 11    Int: 11    God:    Makhleb [******]
Gold:   1193       SH: 10    Dex:  9    Spells: 13/13 levels left

rFire    + . .     SeeInvis .   h - +3 whip (vamp)
rCold    . . .     Faith    .   a - +5 buckler "Dunu Ydu" {rCorr}
rNeg     + . .     Spirit   .   D - +3 ring mail {rF+}
rPois    ∞         Reflect  .   j - +1 helmet
rElec    +         Harm     .   y - +1 cloak
rCorr    +         Rampage  .   (no gloves)
Will     +....                  k - +1 pair of boots
Stlth    +.........             p - amulet of regeneration
HPRegen  1.25/turn              e - +4 ring of slaying
MPRegen  0.16/turn              J - +6 ring of strength

@: about to teleport, corroded, flying
A: sickness immunity, AC +10, big wings, negative energy resistance 1,
electricity resistance, torment resistance 1, petrification resistance,
camouflage 1
a: Renounce Religion, Minor Destruction, Lesser Servant of Makhleb, Major
Destruction, Greater Servant of Makhleb


You were on level 6 of the Lair of Beasts.
You worshipped Makhleb.
Makhleb was exalted by your worship.
You visited 3 branches of the dungeon, and saw 16 of its levels.
You also visited: Ossuary and Volcano.

You collected 1193 gold pieces.

Inventory:

Hand Weapons
 f - a +3 morningstar of holy wrath
 h - a +3 vampiric whip (weapon)
Missiles
 B - 2 throwing nets
Armour
 a - the +5 buckler "Dunu Ydu" (worn) {rCorr}
   (You acquired it on level 5 of the Dungeon)

   rCorr:     It protects you from acid and corrosion.
 c - a +0 kite shield
 g - +0 fire dragon scales
 j - a +1 helmet (worn)
 k - a +1 pair of boots (worn)
 y - a +1 cloak (worn)
 D - a +3 ring mail of fire resistance (worn)
Jewellery
 e - a +4 ring of slaying (left hand)
 p - an amulet of regeneration (around neck)
 C - a ring of positive energy
 F - an amulet of reflection
 J - a +6 ring of strength (right hand)
Wands
 l - a wand of paralysis (14)
 r - a wand of iceblast (3)
Scrolls
 b - a scroll of fog
 i - 5 scrolls of teleportation
 t - a scroll of summoning
 u - a scroll of fear
 v - a scroll of magic mapping
 z - a scroll of amnesia
 I - 8 scrolls of identify
Potions
 d - a potion of might
 n - 3 potions of heal wounds
 o - 2 potions of lignification
 q - 2 potions of flight
 s - 10 potions of curing
 w - 2 potions of resistance
 x - a potion of magic
 A - 2 potions of haste
 E - 2 potions of cancellation
 G - 2 potions of ambrosia
 K - a potion of brilliance
 L - 2 potions of attraction
Miscellaneous
 m - a lightning rod (4/4)


   Skills:
 + Level 13.3 Fighting
 - Level 16.0 Maces & Flails
 - Level 11.3 Armour
 + Level 2.7 Dodging
 + Level 8.4 Shields
 - Level 7.0 Invocations
 - Level 6.0 Evocations


You had 13 spell levels left.
You didn't know any spells.
Your spell library contained the following spells:

 Spells                   Type           Power      Damage    Failure   Level
 Foxfire                  Conj/Fire      0%         2x1d4     43%         1
 Shock                    Conj/Air       0%         1d3       43%         1
 Corpse Rot               Necr/Air       N/A        N/A       56%         2
 Ensorcelled Hibernation  Hex/Ice        0%         N/A       56%         2
 Slow                     Hex            0%         N/A       56%         2
 Confusing Touch          Hex            0%         N/A       80%         3
 Conjure Flame            Conj/Fire      0%         6-21      80%         3
 Frozen Ramparts          Ice            0%         1d2       80%         3
 Inner Flame              Hex/Fire       0%         N/A       80%         3
 Spider Form              Tmut/Pois      0%         N/A       80%         3
 Swiftness                Air            0%         N/A       80%         3
 Vampiric Draining        Necr           0%         2d6       80%         3
 Airstrike                Air            0%         N/A       99%         4
 Cause Fear               Hex            0%         N/A       99%         4
 Dispel Undead            Necr           0%         3d6       99%         4
 Summon Lightning Spire   Summ/Air       0%         N/A       99%         4
 Freezing Cloud           Conj/Ice/Air   0%         6-21      100%        5
 Lightning Bolt           Conj/Air       0%         1d11      100%        5
 Death Channel            Necr           0%         N/A       100%        6
 Shadow Creatures         Summ           N/A        N/A       100%        6
 Spellforged Servitor     Conj/Summ      0%         N/A       100%        7
 Discord                  Hex            0%         N/A       100%        8


Dungeon Overview and Level Annotations

Branches:
Dungeon (9/15)             Temple (1/1) D:4            Lair (6/6) D:9
  Swamp (0/4) Lair:3       Spider (0/4) Lair:2        Slime (0/5) Lair:6
    Orc (0/2) D:9         Ossuary (visited)         Volcano (visited)

Altars:
Cheibriados
Dithmenos
Elyvilon
Fedhas
Gozag
Hepliaklqana
Kikubaaqudgha
Makhleb
Nemelex Xobeh
Okawaru
Qazlal
Ru
Sif Muna
Trog
Uskayaw
Vehumet
Wu Jian
Xom
Yredelemnul
Zin
The Shining One
Jiyva

Shops:
D:7 *

Annotations:
D:7 1 runed translucent door, Crazy Yiuf


Innate Abilities, Weirdness & Mutations

You are immune to sickness and miasma.
Your stone body is resilient. (AC +10)
You are immune to poison.
Your large and strong wings let you fly.
You resist negative energy. (rN+)
You are resistant to electric shocks. (rElec)
You are resistant to unholy torment.
You are immune to petrification.
Your skin changes colour to match your surroundings (Stealth+).


Message History

You resist. The acid blob spits acid at you. The splash of acid hits you.
You resist.
You are splashed with acid.
You resist.
Aiming: Iceblast
Press: ? - help, Shift-Dir - straight line, f - acid blob
Aim: an acid blob (lightly wounded)
The mass of ice explodes!
The iceblast engulfs the acid blob!!
The acid blob is moderately wounded.
The iceblast engulfs the fungus!!
The fungus begins to die.
The fungus is lightly damaged.
You hear an angry hiss.
The acid blob jiggles.
Unknown command.
Press: ? - help, Shift-Dir - straight line, f/p - acid blob
Aim: an acid blob (moderately wounded)
The bolt of magma hits the acid blob!!
The acid blob is heavily wounded.
The acid blob spits acid at you. The splash of acid hits you. You resist.
* * * LOW HITPOINT WARNING * * *
You are splashed with acid.
You resist.
* * * LOW HITPOINT WARNING * * *
The acid blob hits you.
* * * LOW HITPOINT WARNING * * *
The acid corrodes you!
You are splashed with acid.
You resist.
* * * LOW HITPOINT WARNING * * *
A nearby fungus withers and dies.
As you read the scroll of teleportation, it crumbles to dust.
You feel strangely unstable. The acid blob spits acid at you.
The splash of acid hits you. You resist.
* * * LOW HITPOINT WARNING * * *
You are splashed with acid.
You resist.
* * * LOW HITPOINT WARNING * * *
The acid blob spits acid at you. The splash of acid hits you. You resist.
* * * LOW HITPOINT WARNING * * *
You are splashed with acid!
You resist.
You die...

...#.P ..... ... ...## . .P
##### ....#.. #.#####.
#.#.###.......####..P....
..P.##........##.......####
.....†..................#.#!...
...##†##...##..........#.......
.#.###.# ##.....@........#.....
######†#####.....JJ.#..#..$....
#..#.P.P#...P.....#.........
#..†.†......................
#..#..........#.#.#.........
####.#†....#..#.###..........
#....#.<###..######.(....#...
#...##.# #.†#...#......#.#
#...##†###††#>.JJ?......###.


You could see 2 acid blobs.

Vanquished Creatures
  4 hydras
  A catoblepas (Lair:4)
  7 death yaks (Lair:4)
  23 elephants
  5 black mambas
  4 torpor snails
  Maggie (D:9)
  3 gargoyles (Volcano)
  A molten gargoyle (Volcano)
  16 cane toads
  An efreet (Volcano)
  A demonic crawler (Lair:1)
  Psyche (D:9)
  10 rime drakes
  7 komodo dragons
  2 polar bears
  36 blink frogs
  6 dream sheep (Lair:5)
  A wraith (D:9)
  2 shadows (D:9)
  5 wyverns
  47 yaks
  9 basilisks
  2 fire bats (Volcano)
  A steam dragon (D:9)
  Edmund (D:6)
  4 swamp worms
  16 water moccasins
  2 hell hounds (Lair:1)
  5 black bears
  2 sky beasts (D:6)
  An ice beast (D:6)
  A necrophage (D:5)
  5 orc warriors
  10 wolves
  4 ogres
  5 centaurs
  A kobold brigand (D:8)
  2 gnoll sergeants
  13 bullfrogs
  2 earth elementals (Volcano)
  2 wyvern zombies
  8 scorpions
  2 wyvern skeletons
  3 troll zombies (D:9)
  A water moccasin skeleton (D:4)
  2 electric eels (Lair:3)
  4 wights (D:9)
  A howler monkey (D:8)
  2 centaur zombies
  5 lava snakes (Volcano)
  2 hounds
  2 human zombies (Ossuary)
  6 orc priests
  3 jellies
  A gnoll shaman (D:5)
  3 centaur skeletons
  Jessica (D:3)
  5 iguanas
  10 hell rats (Lair:5)
  7 orc wizards
  5 ogre zombies (D:9)
  3 mummies (Ossuary)
  8 gnolls
  5 adders
  2 shadow imps
  12 white imps (Lair:1)
  An ufetubus (D:4)
  4 worms
  5 dart slugs
  37 orcs
  4 bats
  6 endoplasms
  4 giant cockroaches
  6 goblins
  5 hobgoblins
  3 jackals (D:3)
  3 quokkas
  6 ball pythons
  2 frilled lizards
  3 goblin skeletons (D:9)
  5 goblin zombies
  A hobgoblin skeleton (D:9)
  5 hobgoblin zombies
  6 kobolds
  A kobold zombie (Ossuary)
  2 orc skeletons (D:9)
  14 orc zombies
  3 rats
501 creatures vanquished.

Vanquished Creatures (collateral kills)
  A stone giant (Volcano)
1 creature vanquished.

Vanquished Creatures (others)
  An orc wizard (D:9)
  4 orcs (D:9)
  55 fungi
  48 plants
108 creatures vanquished.

Grand Total: 610 creatures vanquished

Notes
Turn   | Place    | Note
-------+----------+-------------------------------------------
     0 | D:1      | terrence the Gargoyle Fighter began the quest for the Orb.
     0 | D:1      | Reached XP level 1. HP: 14/14 MP: 1/1
    62 | D:1      | Reached XP level 2. HP: 16/19 MP: 2/2
   536 | D:1      | Reached XP level 3. HP: 18/23 MP: 3/3
  1093 | D:2      | Found a faded altar of an unknown god.
  1102 | D:2      | Reached skill level 3 in Maces & Flails
  1710 | D:3      | Reached XP level 4. HP: 29/29 MP: 4/4
  1989 | D:3      | Reached XP level 5. HP: 12/33 MP: 2/5
  2256 | D:3      | Found a bloodstained altar of Trog.
  2336 | D:3      | Noticed Jessica
  2345 | D:3      | Killed Jessica
  2346 | D:3      | Reached skill level 4 in Maces & Flails
  2797 | D:4      | Reached XP level 6. HP: 39/39 MP: 6/6
  2911 | D:4      | Found a staircase to the Ecumenical Temple.
  2954 | Temple   | Entered the Ecumenical Temple
  2971 | Temple   | Became a worshipper of Makhleb the Destroyer
  3431 | D:5      | Entered Level 5 of the Dungeon
  3464 | D:5      | Reached skill level 5 in Maces & Flails
  3481 | D:5      | Found a sand-covered staircase.
  3490 | Ossuary  | Entered an ossuary
  3565 | Ossuary  | Reached XP level 7. HP: 43/44 MP: 7/7
  3621 | Ossuary  | Reached skill level 1 in Invocations
  3639 | Ossuary  | Reached skill level 5 in Shields
  3859 | Ossuary  | Reached skill level 5 in Fighting
  3859 | Ossuary  | Reached skill level 1 in Evocations
  4716 | D:5      | Reached * piety under Makhleb
  5115 | D:5      | Reached skill level 6 in Maces & Flails
  5115 | D:5      | Reached XP level 8. HP: 30/50 MP: 3/9
  5271 | D:5      | Identified a scroll of acquirement
  5271 | D:5      | Acquired the +5 buckler "Dunu Ydu" {rCorr}
  5848 | D:6      | Noticed Edmund
  5873 | D:6      | Reached skill level 7 in Maces & Flails
  5891 | D:6      | Killed Edmund
  5939 | D:6      | Reached XP level 9. HP: 38/56 MP: 8/11
  6696 | D:6      | Reached skill level 8 in Maces & Flails
  6714 | D:6      | Found a shimmering altar of Xom.
  6770 | D:7      | Noticed a cyclops
  6994 | D:7      | Found Meaf's Island Escapes.
  7314 | D:7      | Reached skill level 5 in Invocations
  7412 | D:7      | Found a glowing silver altar of Zin.
  7513 | D:7      | Found a runed translucent door.
  7514 | D:7      | Noticed Crazy Yiuf
  7830 | D:8      | Reached ** piety under Makhleb
  7864 | D:8      | Reached XP level 10. HP: 63/63 MP: 13/13
  8218 | D:8      | Gained mutation: Your skin changes colour to match your
                  | surroundings (Stealth+). [potion of mutation]
  8288 | D:8      | Found a white marble altar of Elyvilon.
  8481 | D:8      | Found a shimmering blue altar of Sif Muna.
  8555 | D:9      | Noticed Psyche
  8596 | D:9      | Killed Psyche
  8597 | D:9      | Reached skill level 9 in Maces & Flails
  8859 | D:9      | Found a staircase to the Orcish Mines.
  8882 | D:9      | Reached *** piety under Makhleb
  9011 | D:9      | Noticed Maggie
  9041 | D:9      | Killed Maggie
  9042 | D:9      | Reached skill level 10 in Maces & Flails
  9042 | D:9      | Reached skill level 5 in Armour
  9293 | D:9      | Reached **** piety under Makhleb
  9294 | D:9      | Reached XP level 11. HP: 69/69 MP: 15/15
  9318 | D:9      | Found a staircase to the Lair.
  9338 | Lair:1   | Entered Level 1 of the Lair of Beasts
  9459 | Lair:1   | Reached skill level 11 in Maces & Flails
  9766 | Lair:1   | Reached ***** piety under Makhleb
  9767 | Lair:1   | Reached skill level 12 in Maces & Flails
  9776 | Lair:1   | Reached skill level 10 in Fighting
  9849 | Lair:1   | Reached XP level 12. HP: 77/77 MP: 16/16
  9904 | Lair:1   | Found a frozen archway.
 10046 | Lair:1   | Found a dark tunnel.
 10052 | Volcano  | Entered a volcano
 10349 | Volcano  | Found a bloodstained altar of Trog.
 10488 | Volcano  | Noticed a stone giant
 10504 | Volcano  | Killed a stone giant
 10821 | Lair:1   | Got the Reference Book on Creation and Snow
 11175 | Lair:2   | Reached skill level 13 in Maces & Flails
 11506 | Lair:2   | Identified the ring of Vur Vaq {rElec rF+ rC- Int+3 Dex+3}
 11551 | Lair:2   | Found a hole to the Spider Nest.
 12333 | Lair:3   | Reached XP level 13. HP: 84/84 MP: 17/17
 12368 | Lair:3   | Reached skill level 14 in Maces & Flails
 12606 | Lair:3   | Reached skill level 10 in Armour
 12741 | Lair:3   | You fall into a shaft and drop 2 floors!
 13147 | Lair:5   | Reached ****** piety under Makhleb
 13176 | Lair:5   | Reached skill level 5 in Evocations
 13910 | Lair:4   | Reached skill level 15 in Maces & Flails
 14053 | Lair:4   | Gained mutation: Your large and strong wings let you fly.
                  | [Gargoyle growth]
 14053 | Lair:4   | Reached XP level 14. HP: 86/92 MP: 19/19
 14891 | Lair:4   | Reached skill level 1 in Dodging
 15280 | Lair:3   | You are sucked into a shaft and drop 2 floors!
 15449 | Lair:3   | Found a staircase to the Swamp.
 15695 | Lair:6   | Entered Level 6 of the Lair of Beasts
 15918 | Lair:6   | Reached skill level 16 in Maces & Flails
 16055 | Lair:6   | Found a runed translucent door.
 16058 | Lair:6   | Found a viscous altar of Jiyva.
 16060 | Lair:6   | Found a staircase to the Slime Pits.
 16060 | Lair:6   | Noticed an acid blob
 16061 | Lair:6   | Noticed an acid blob
 16094 | Lair:6   | Splashed by an acid blob's acid

Illustrated notes

Levels and vault maps discovered:
D:1:      beargit_arrival_diablo_church, layout_basic
D:2:      layout_basic, shapermc_ecumenical_altar_ellora,
          minmay_stone_trees_small, minmay_cupped
D:3:      layout_basic, mainiacjoe_overflow_surrounded_room, uniq_jessica
D:4:      layout_rooms, minmay_temple_entry_wispy, minmay_misc_feat_ornament
D:5:      layout_basic, enter_ossuary_2
D:6:      layout_rooms, brannock_xom_greatest_gift, uniq_edmund
D:7:      layout_basic, zin_academy, roderic_malta_cross, st_stairs_11,
          nicolae_island_escapes, uniq_crazy_yiuf_cottage
D:8:      layout_loops_ring, elyvilon_altar_1, old_standard_altar,
          minmay_fountain_box
D:9:      layout_long_grid, grunt_lair_entry_orc_guard_hut, zombieorc2_lemuel,
          uniq_maggie, uniq_psyche
Temple:   lightli_temple_of_artemis
Lair:1:   layout_misc_corridors, enter_volcano_3, portal_ice_cave_entry_imps,
          infiniplex_staircase_pool_2
Lair:2:   layout_big_grid, nicolae_spider_entry_non_spiders, worms_lemuel
Lair:3:   layout_regular_city, swamp_mist_pool
Lair:4:   layout_cave_pods, serial_bayou_shore_b, grunt_megastairs_1
Lair:5:   layout_roguey [special_room_mythical_zoo]
Lair:6:   due_jungle_book, layout_loops_ring, slime_altar_2, st_stairs_7,
          lemuel_fruit_fields, minmay_lair_oklob_chamber

Skill      XL: |  1  2  3  4  5  6  7  8  9 10 11 12 13 14 |
---------------+-------------------------------------------+-----
Maces & Flails | 3 4 5 6 7 8 10 12 13 15 16 | 16.0
Fighting       | 4 5 6 7 8 10 11 12 13 | 13.3
Shields        | 4 5 6 7 8 |  8.4
Invocations    | 2 3 5 6 7 |  7.0
Evocations     | 2 3 4 5 6 |  6.0
Armour         | 5 7 9 10 11 | 11.3
Dodging        | 2 |  2.7

Action                   |  1- 3 |  4- 6 |  7- 9 | 10-12 | 13-15 || total
-------------------------+-------+-------+-------+-------+-------++-------
Melee: Flail             |    43 |    34 |    31 |       |       ||   108
       Whip              |   104 |   177 |   520 |   955 |  1412 ||  3168
       Mace              |       |       |    43 |       |       ||    43
       Morningstar       |       |       |       |   161 |       ||   161
Invok: Minor Destruction |       |       |       |     4 |       ||     4
       Major Destruction |       |       |       |     4 |     4 ||     8
Evoke: Wand              |       |       |    14 |    11 |     4 ||    29
  Use: Scroll            |     7 |     3 |     8 |     3 |     3 ||    24
       Potion            |     1 |     2 |     6 |     2 |       ||    11
 Stab: Paralysed         |       |       |       |     3 |       ||     3
Armor: Scale mail        |    62 |   126 |   290 |   176 |       ||   654
       Fire dragon scale |       |       |       |   232 |   248 ||   480
       Ring mail         |       |       |       |       |   175 ||   175
Dodge: Dodged            |    51 |    75 |   219 |   231 |   299 ||   875
Block: Kite shield       |    28 |       |       |       |       ||    28
       Buckler           |       |       |   163 |   411 |   448 ||  1022
